 Seeded DCSS version 0.30-a0-42-g806c11bf1d (webtiles) character file.

Game seed: 17246712331252751712 (custom seed)

56 wilfster70 the Digger (level 3, 0/19 HPs)
             Began as a Gargoyle Earth Elementalist on Aug 30, 2022.
             Slain by an adder (4 damage)
             ... on level 3 of the Dungeon.
             The game lasted 00:05:32 (1842 turns).

wilfster70 the Digger (Gargoyle Earth Elementalist) Turns: 1842, Time: 00:05:33

Health: 0/19       AC:  5    Str: 11    XL:     3   Next: 97%
Magic:  6/7        EV: 11    Int: 17    God:
Gold:   103        SH:  0    Dex: 10    Spells: 6/7 levels left

rFire   . . .      SeeInvis .    a - +2 dagger (venom)
rCold   . . .      Faith    .    (no shield)
rNeg    + . .      Spirit   .    d - +0 robe
rPois   ∞          Reflect  .    (no helmet)
rElec   +          Harm     .    (no cloak)
rCorr   .          Rampage  .    (no gloves)
Will    .....                    (no boots)
Stlth   +.........               (no amulet)
HPRegen 0.06/turn                (no ring)
MPRegen 0.10/turn                (no ring)

@: confused
A: sickness immunity, AC +3, negative energy resistance 1, electricity
resistance, torment resistance 1, petrification resistance
a: no special abilities


You were on level 3 of the Dungeon.
You visited 1 branch of the dungeon, and saw 4 of its levels.

You collected 103 gold pieces.

Inventory:

Hand Weapons
 a - a +2 dagger of venom (weapon)
 b - a +0 sling
Armour
 d - a +0 robe (worn)
Jewellery
 l - a ring of ice
Scrolls
 e - a scroll of amnesia {unknown}
 f - 2 scrolls of teleportation {unknown}
 g - a scroll of fear {unknown}
 h - 2 scrolls of poison {unknown}
 i - a scroll of blinking {unknown}
 j - 3 scrolls of fog {unknown}
 n - a scroll of enchant weapon {unknown}
 q - a scroll of noise {unknown}
Potions
 c - a potion of cancellation
 k - 3 potions of curing
 m - 3 potions of lignification
 o - a potion of flight
 p - 2 potions of magic


   Skills:
 - Level 1.5 Dodging
 - Level 2.2 Stealth
 + Level 2.7 Spellcasting
 - Level 0.7 Transmutations
 * Level 5.1 Earth Magic


You had 6 spell levels left.
You knew the following spells:

 Your Spells              Type           Power      Damage    Failure   Level
a - Sandblast             Erth           38%        2d10      2%          1

Your spell library contained the following spells:

 Spells                   Type           Power      Damage    Failure   Level
 Passwall                 Tmut/Erth      10%        N/A       9%          2
 Foxfire                  Conj/Fire      8%         2x1d4     19%         1
 Stone Arrow              Conj/Erth      20%        3d8       19%         3
 Blink                    Tloc           4%         N/A       26%         2
 Static Discharge         Conj/Air       4%         3-4/arc   26%         2
 Conjure Flame            Conj/Fire      2%         6-21      47%         3
 Dazzling Flash           Conj/Hex       4%         N/A       47%         3
 Inner Flame              Hex/Fire       2%         N/A       47%         3
 Lesser Beckoning         Tloc           2%         N/A       47%         3
 Petrify                  Tmut/Erth      12%        N/A       47%         4
 Lee's Rapid Deconstruct  Erth           9%         3d8*      52%         5
 Animate Armour           Summ/Erth      20%        N/A       54%         4
 Leda's Liquefaction      Hex/Erth       5%         N/A       54%         4
 Flame Wave               Conj/Fire      2%         2d4       87%         4
 Manifold Assault         Tloc           2%         N/A       99%         5
 Chain Lightning          Conj/Air       1%         3d1       100%        9
 Shatter                  Erth           9%         3d11*     100%        9
 Statue Form              Tmut/Erth      Unusable   N/A       N/A         6

Dungeon Overview and Level Annotations

Branches:
Dungeon (4/15)
 Temple: D:4-7

Altars:


Innate Abilities, Weirdness & Mutations

You are immune to sickness and miasma.
Your stone body is resilient. (AC +3)
You are immune to poison.
You resist negative energy. (rN+)
You are resistant to electric shocks. (rElec)
You are resistant to unholy torment.
You are immune to petrification.


Message History

You are confused.
You're too confused to cast spells.
You're too confused to cast spells.
Unknown command.
Unknown command.
Your +2 dagger of venom begins to drip with poison!
a - a +2 dagger of venom (weapon)
The orc wizard hits you with a +0 dagger.
You closely miss the orc wizard.
The orc wizard is severely wounded.
The orc wizard hits you but does no damage.
An orc comes into view. It is wielding a +0 hand axe.
The orc shouts!
You hear a shout!
The orc wizard misses you.
The orc moves out of view.
An orc comes into view. It is wielding a +0 club.
An adder comes into view.
The orc wizard closely misses you.
The adder moves out of view.
The orc wizard casts a spell at you.
You are more confused.
The orc wizard gestures at you while chanting.
You are more confused.
You barely miss the orc wizard.
The orc wizard is severely wounded.
The adder hisses angrily.
The orc wizard closely misses you.
You're too confused to move!
An orc comes into view. It is wielding a +0 club.
The orc wizard closely misses you.
You completely miss the orc wizard.
The orc wizard is severely wounded.
The orc shouts!
You hear a shout!
The orc wizard gestures at you while chanting.
You are more confused.
The orc wizard casts a spell at you. The magic dart hits you!
You're too confused to move!
The orc wizard hits you with a +0 dagger.
* * * LOW HITPOINT WARNING * * *
The adder bites you.
You die...

#.#..........###.# #.# ##.
#.#..............# #.###..
###........#...... #.#....
#.#........#..... #.#....
#...........o..# #.#(##.
#......#...#...##########...##.
#.#..#........o................
#.#..........o.####.####..#.##.
###...........oS@...........#.##.
..###.##.#.......####.##.##.#.###
#...#.##.#.###...# #.........###
.................# #............
###..###.#.####..# #.#.###.#####
##.##..#.# #..# #...###.#
#..#..#.# ##.# #.......#
##......# #.# #.####### ###.#..##
#.# ##.#


You could see an orc wizard, an adder and 3 orcs.

Vanquished Creatures
  2 adders
  A dart slug (D:3)
  3 ball pythons
  3 bats
  3 endoplasms (D:1)
  2 giant cockroaches
  3 goblins (D:1)
  4 hobgoblins
  2 quokkas (D:1)
  A frilled lizard (D:2)
  5 kobolds (D:1)
  4 rats (D:1)
33 creatures vanquished.

Notes
Turn   | Place    | Note
-------+----------+-------------------------------------------
     0 | D:1      | wilfster70 the Gargoyle Earth Elementalist began the quest
                  | for the Orb.
     0 | D:1      | Reached XP level 1. HP: 10/10 MP: 3/3
   341 | D:1      | Identified a scroll of acquirement
   341 | D:1      | Acquired the Handbook of the Excruciating Quarry
   361 | D:1      | Reached skill level 4 in Earth Magic
   361 | D:1      | Reached XP level 2. HP: 15/15 MP: 3/5
   954 | D:1      | Acquired a book of the Earth
  1162 | D:2      | Reached XP level 3. HP: 19/19 MP: 4/6
  1281 | D:2      | Found a faded altar of an unknown god.
  1518 | D:2      | You fall into a shaft and drop 2 floors!
  1575 | D:3      | Reached skill level 5 in Earth Magic
  1842 | D:3      | Slain by an adder

Illustrated notes

Levels and vault maps discovered:
D:1:      evilmike_arrival_plus, layout_rooms
D:2:      minmay_evil_eye, layout_loops_ring, ebering_ecumenical_altar_box
D:3:      layout_basic, palyth_temple_overflow_mages, nzn_wu_jian_contemplation,
          amethyst_overflow_temple_binary, portal_sewer_entry_c
D:4:      layout_basic, trog_book, nicolae_ru_great_annihilating_truth

Skill      XL: |  1  2  3 |
---------------+----------+-----
Earth Magic    | 4 5 |  5.1
Dodging        | |  1.5
Stealth        | |  2.2
Spellcasting   | |  2.7
Transmutations | |  0.7

Action                   || total
-------------------------++-------
Melee: Dagger            ||     4
 Fire: Sling             ||     2
 Cast: Sandblast         ||    49
  Use: Scroll            ||     6
Armor: Robe              ||    15
Dodge: Dodged            ||    21

Table legend: (Time is in decaauts)
 A = Elapsed time spent in this place.
 B = Non-inter-level travel time spent in this place.
 C = Inter-level travel time spent in this place.
 D = Time resting spent in this place.
 E = Time spent auto-exploring this place.
 F = Levels seen in this place.
 G = Mean time per level.
                   A        B        C        D        E       F      G
               +--------+--------+--------+--------+--------+-----+--------+
         Total |   1865 |   1841 |     24 |    457 |    723 |   4 |  466.2 |
       Dungeon |   1865 |   1841 |     24 |    457 |    723 |   4 |  466.2 |
               +--------+--------+--------+--------+--------+-----+--------+

Top non-repeatable levels by time:
     D:1: 1030 daAuts
     D:2: 503 daAuts
     D:3: 327 daAuts
     D:4: 3 daAuts
